 Dungeon Crawl Stone Soup version 0.17-a0-1718-g72dbe4d (webtiles) character file.

53 kae the Slasher (level 3, 0/31 HPs)
             Began as a Minotaur Fighter on Aug 26, 2015.
             Slain by a goblin (2 damage)
             ... led by Robin
             ... on level 2 of the Dungeon.
             The game lasted 00:01:07 (1457 turns).

kae the Slasher (Minotaur Fighter)                  Turns: 1457, Time: 00:01:07

Health: 0/31       AC:  6    Str: 25    XL:     3   Next: 62%
Magic:  2/2        EV:  7    Int:  6    God:
Gold:   47         SH:  9    Dex:  9    Spells: 0 memorised, 2 levels left

rFire  . . .     SeeInvis .     a - +0 long sword
rCold  . . .     Clarity  .     b - +0 scale mail
rNeg   . . .     SustAt   .     c - +0 shield
rPois  .         Gourm    .     (helmet restricted)
rElec  .         Spirit   .     (no cloak)
rCorr  .         Warding  .     (no gloves)
rMut   .         Stasis   .     (no boots)
MR     .....                    (no amulet)
Stlth  ..........               (no ring)
                                (no ring)

@: mighty, not resistant to hostile enchantments, extremely unstealthy
A: retaliatory headbutt, horns 2
a: no special abilities


You were on level 2 of the Dungeon.
You were not hungry.

You visited 1 branch of the dungeon, and saw 2 of its levels.

You collected 47 gold pieces.

Inventory:

Hand weapons
 a - a +0 long sword (weapon)
Armour
 b - a +0 scale mail (worn)
 c - a +0 shield (worn)
Jewellery
 f - a cursed amulet of inaccuracy {unknown}
Scrolls
 h - a scroll of teleportation {unknown}
 l - a scroll of immolation {unknown}
Potions
 i - 3 potions of curing {unknown}
 j - 3 potions of degeneration {unknown}
 k - a potion of poison {unknown}
Comestibles
 e - 3 bread rations
 g - 2 chunks of flesh


   Skills:
 - Level 3.6 Fighting
 + Level 4.9 Long Blades
 - Level 3.6 Armour
 - Level 3.6 Shields


You had 2 spell levels left.
You didn't know any spells.

Dungeon Overview and Level Annotations

Branches:
Dungeon (2/15)

Altars:
Kikubaaqudgha
Nemelex Xobeh
Trog
The Shining One

Annotations:
D:2 Robin


Innate Abilities, Weirdness & Mutations

You reflexively headbutt those who attack you in melee.
You have a pair of horns on your head.


Message History

Drink which item? (? for menu, Esc to quit)
Okay, then.
Drink which item? (? for menu, Esc to quit)
You feel very mighty all of a sudden. The goblin barely misses you.
The hobgoblin hits you but does no damage.
You slice the goblin!!
You kill the goblin!
The hobgoblin hits you but does no damage.
Robin zaps a wand.
The magic dart hits you!
You closely miss the hobgoblin.
Robin roars a battlecry!
The hobgoblin goes into a battle-frenzy!
You block the hobgoblin's attack.
You slash the hobgoblin!
You kill the hobgoblin!
Robin zaps a wand.
The magic dart hits you!
* * * LOW HITPOINT WARNING * * *
You completely miss the goblin. The goblin hits you.
You die...

#### # #......#
.... ##. ######.#
#### #..# ##.# ...#
#..# #..## #..#
#..# #..### ###. #
##.####....## ....
#.##.)†........#
###.
#?.†@#####.....# .
......#ggg..#.....#
## .....
#.###.#.....# #
.### ... #....## ..
..... g###### ###
......#gg.gg
.......######
##....... ##.....##


You could see Robin, a hobgoblin (frenzied) and a goblin (frenzied).

Vanquished Creatures
  Ijyb (D:2)
  A worm (D:2)
  2 bats (D:1)
  5 goblins
  A hobgoblin (D:2)
  2 jackals (D:2)
  A ball python (D:1)
  A giant newt (D:1)
  3 kobolds (D:1)
  5 rats
22 creatures vanquished.

Notes
Turn   | Place    | Note
--------------------------------------------------------------
     0 | D:1      | kae the Minotaur Fighter began the quest for the Orb.
     0 | D:1      | Reached XP level 1. HP: 19/19 MP: 0/0
   709 | D:1      | Reached XP level 2. HP: 24/26 MP: 1/1
   966 | D:2      | Noticed Ijyb
  1028 | D:2      | Killed Ijyb
  1028 | D:2      | Reached skill level 4 in Long Blades
  1028 | D:2      | Reached XP level 3. HP: 11/31 MP: 2/2
  1231 | D:2      | Found a glowing golden altar of the Shining One.
  1231 | D:2      | Found a bloodstained altar of Trog.
  1232 | D:2      | Found a sparkling altar of Nemelex Xobeh.
  1236 | D:2      | Found an ancient bone altar of Kikubaaqudgha.
  1419 | D:2      | Noticed Robin
  1457 | D:2      | Slain by a goblin

Vault maps used:
D:1:      sevenhm_arrival_forest_fort_small_4, serial_corexii_hall,
          corexii_hall_statues_u, corexii_hall_statues_s
D:2:      gammafunk_temple_overflow_claw, lemuel_crystal_altar,
          serial_co_window_serial, co_window_of_opportunity_a,
          co_window_cross_1, co_window_corner_a, co_window_of_opportunity_a,
          co_window_paths_a, co_window_of_opportunity_a, co_window_corner_a,
          co_window_paths_a, co_window_of_opportunity_a, co_window_broadway_c,
          co_window_paths_c, co_window_of_opportunity_b, glass_columns_b,
          hangedman_abyss_or_decor_stabs, uniq_sigmund, uniq_jessica, uniq_iyjb,
          uniq_robin, uniq_crazy_yiuf_cottage, uniq_natasha

Action                   || total
-------------------------++-------
Melee: Long sword        ||    60
       Unarmed           ||    36
  Use: Potion            ||     2
  Eat: Chunk             ||     2
